 Dungeon Crawl Stone Soup version 0.30-a0-595-g91969c0fa5 (webtiles) character file.

Game seed: 1798088831524688516

11604 Leeroy the Brawler (level 11, -7/92 HPs)
             Began as a Purple Draconian Transmuter on Jan 6, 2023.
             Was a Priest of Wu Jian.
             Mangled by a skeletal warrior
             ... wielding a +0 long sword
              (24 damage)
             ... on level 10 of the Dungeon.
             The game lasted 00:23:58 (11745 turns).

Leeroy the Brawler (Purple Draconian Transmuter)   Turns: 11745, Time: 00:23:58

Health: -7/92      AC:  7    Str: 19    XL:     11   Next: 51%
Magic:  20/20      EV: 10    Int: 18    God:    Wu Jian [***...]
Gold:   566        SH:  5    Dex: 11    Spells: 13/23 levels left

rFire   x . .      SeeInvis .      - Unarmed
rCold   + + +      Faith    .    (shield currently unavailable)
rNeg    . . .      Spirit   .    (body armour unavailable)
rPois   +          Reflect  +    (helmet currently unavailable)
rElec   .          Harm     .    (cloak currently unavailable)
rCorr   .          Rampage  .    (gloves currently unavailable)
Will    +....                    (boots currently unavailable) Stlth
                                 o - amulet of reflection
HPRegen 0.35/turn                y - ring of wizardry
MPRegen 0.17/turn                h - +6 ring of strength

@: ice-form, silenced
A: freezing attack, amphibious, boosted hp, (breathe power), AC +7, large,
unfitting armour, (cold-blooded)
a: End Transformation, Renounce Religion, Wall Jump


You were on level 10 of the Dungeon.
You worshipped Wu Jian.
Wu Jian was most pleased with you.
You were a creature of crystalline ice.
You visited 2 branches of the dungeon, and saw 11 of its levels.
You also visited: Bailey.

You collected 982 gold pieces.
You spent 416 gold pieces at shops.

Inventory:

Hand Weapons
 k - a +4 quarterstaff
 v - a +2 mace of freezing
 w - a +3 short sword
 C - a +5 short sword
Missiles
 t - 11 poisoned darts
 x - a throwing net
Armour
 m - a +0 pair of gloves (melded)
 G - +0 acid dragon scales
 J - a +0 pair of gloves
Jewellery
 h - a +6 ring of strength (right front paw)
 o - an amulet of reflection (around neck)
 y - a ring of wizardry (left front paw)
 F - a +4 ring of protection
Scrolls
 b - a scroll of amnesia
 e - a scroll of enchant armour {unknown}
 f - 4 scrolls of fear
 j - 2 scrolls of vulnerability
 n - 2 scrolls of noise
 p - 2 scrolls of poison
 r - 3 scrolls of fog
 z - a scroll of silence
 A - 2 scrolls of immolation {unknown}
 B - 2 scrolls of brand weapon {unknown}
 H - 3 scrolls of identify
 I - a scroll of summoning {unknown}
 L - 2 scrolls of teleportation {unknown}
Potions
 a - a potion of might {unknown}
 c - 4 potions of heal wounds
 d - a potion of attraction {unknown}
 g - 4 potions of curing
 i - 5 potions of mutation {unknown}
 l - 3 potions of degeneration {unknown}
 q - a potion of cancellation {unknown}
 s - 2 potions of brilliance {unknown}
 u - a potion of flight {unknown}
 D - a potion of berserk rage {unknown}
 E - 3 potions of haste {unknown}
 K - a potion of lignification


   Skills:
 - Level 1.1 Fighting
 - Level 1.7 Dodging
 - Level 0.1 Shields
 * Level 16.0 Unarmed Combat
 - Level 6.5 Spellcasting
 + Level 9.3 Transmutations


You had 13 spell levels left.
You knew the following spells:

 Your Spells              Type           Power      Damage    Failure   Level
a - Beastly Appendage     Tmut           78%        N/A       1%          1
b - Spider Form           Tmut/Pois      22%        N/A       1%          3
c - Wereblood             Tmut           39%        N/A       1%          2
d - Ice Form              Ice/Tmut       22%        N/A       6%          4

Your spell library contained the following spells:

 Spells                   Type           Power      Damage    Failure   Level
 Kiss of Death            Conj/Necr      20%        2d7       4%          1
 Scorch                   Fire           10%        2d6       7%          2
 Confusing Touch          Hex            5%         N/A       14%         3
 Dispel Undead            Necr           5%         3d7       41%         4
 Leda's Liquefaction      Hex/Erth       2%         N/A       41%         4
 Sticky Flame             Conj/Fire      5%         2d3       41%         4
 Enfeeble                 Hex            2%         N/A       100%        7


Dungeon Overview and Level Annotations

Branches:
Dungeon (10/15)            Temple (1/1) D:6            Lair (0/5) D:9
 Bailey (visited)
    Orc: D:9-12

Altars:
Ashenzari
Cheibriados
Dithmenos
Elyvilon
Fedhas
Gozag
Hepliaklqana
Kikubaaqudgha
Makhleb
Nemelex Xobeh
Okawaru
Qazlal
Ru
Sif Muna
Trog
Uskayaw
Vehumet
Wu Jian
Xom
Yredelemnul
Zin
The Shining One

Shops:
D:1 (==(   D:3 *   D:8 (*

Portals:
Trove: D:10 (lose all piety)

Annotations:
D:8 Erica, Pikel


Innate Abilities, Weirdness & Mutations

You are a creature of crystalline ice.
You have a powerful freezing melee attack.
You are amphibious.
Your maximum health is increased.
Your armour is entirely melded.
You are incapable of wielding weapons or throwing items.
((You can breathe bolts of dispelling energy.))
((Your rich purple scales are hard. (AC +7)))
You cannot fit into any form of body armour.
((You are cold-blooded and may be slowed by cold attacks.))


Message History

You hit the skeletal warrior but do no damage.
The skeletal warrior is lightly damaged.
You punch the skeletal warrior! You freeze the skeletal warrior.
The skeletal warrior is moderately damaged.
You see here a +0 mace.
The skeletal warrior attacks as you move away!
The skeletal warrior misses you.
You feel less exhausted.
The skeletal warrior attacks as you move away!
You block the skeletal warrior's attack.
The skeletal warrior attacks as you move away!
The skeletal warrior hits you with a +0 long sword.
The skeletal warrior attacks as you move away!
The skeletal warrior completely misses you.
The skeletal warrior attacks as you move away!
The skeletal warrior hits you with a +0 long sword.
You spin and attack the skeletal warrior.
You hit the skeletal warrior. You freeze the skeletal warrior.
The skeletal warrior is heavily damaged.
The skeletal warrior hits you with a +0 long sword!
The skeletal warrior attacks as you move away!
The skeletal warrior hits you with a +0 long sword.
* * * LOW HITPOINT WARNING * * *
Okay, then.
The skeletal warrior attacks as you move away!
The skeletal warrior closely misses you.
The skeletal warrior attacks as you move away!
You block the skeletal warrior's attack.
The skeletal warrior attacks as you move away!
The skeletal warrior hits you but does no damage.
The skeletal warrior attacks as you move away!
The skeletal warrior completely misses you.
The skeletal warrior attacks as you move away!
The skeletal warrior hits you with a +0 long sword!
* * * LOW HITPOINT WARNING * * *
The skeletal warrior attacks as you move away!
You block the skeletal warrior's attack.
The skeletal warrior attacks as you move away!
The skeletal warrior hits you with a +0 long sword!!
You die...

.# ### #.# ### #.## #.# .z# #..
#.# ### #)## ##.# #.# #..
##.####..######### #.# #>#
##.##.......z.zY###.#######.#
##.####..#######....)......#.#
#.#####.#..............##..#.##
....z................####.....###
#######.#..§...†#########........
#######.#..#.#..# #........###
......#.#...§...## #.#####.##
#####.#.#.§#.#...# #.# #.#
#............#####.#####.#


You could see 2 skeletal warriors.

Vanquished Creatures
  Erolcha (D:9)
  A skeletal warrior (D:10)
  Maggie (D:10)
  5 wyverns
  Eustachio (D:5)
  9 yaks
  Grum (D:8)
  A steam dragon (D:9)
  2 acid dragons (D:9)
  4 water moccasins
  A black bear (D:5)
  6 orc warriors
  An ogre (D:5)
  3 wolves (D:8)
  3 centaurs
  A phantom (D:4)
  Blork the orc (D:4)
  6 bullfrogs
  2 necrophages
  4 scorpions
  10 wights
  9 killer bees
  An electric eel (D:8)
  7 howler monkeys
  A bullfrog zombie (D:4)
  4 hounds
  A human zombie (D:4)
  A jelly (D:4)
  3 orc priests
  A gnoll bouda (D:7)
  A scorpion zombie (D:4)
  9 iguanas
  8 orc wizards
  2 hound zombies (D:4)
  3 mummies (D:4)
  11 gnolls
  10 adders
  A shadow imp (D:7)
  2 white imps
  2 ufetubi
  2 adder zombies (D:4)
  2 worms
  4 dart slugs
  22 orcs
  10 ball pythons
  2 bats (D:2)
  10 endoplasms
  5 giant cockroaches
  14 goblins
  11 hobgoblins
  6 jackals (D:4)
  9 quokkas
  3 frilled lizards
  9 kobolds
  6 rats
256 creatures vanquished.

Vanquished Creatures (others)
  A water moccasin (D:6)
  A demonic plant (D:2)
  9 plants (D:9)
11 creatures vanquished.

Grand Total: 267 creatures vanquished

Notes
Turn   | Place    | Note
-------+----------+-------------------------------------------
     0 | D:1      | Leeroy the Draconian Transmuter began the quest for the
                  | Orb.
     0 | D:1      | Reached XP level 1. HP: 16/16 MP: 3/3
    55 | D:1      | Reached XP level 2. HP: 23/23 MP: 5/5
   330 | D:1      | Found Mawot's Jewellery Shoppe.
   330 | D:1      | Found Lyamp's Antique Weapon Shoppe.
   472 | D:1      | Found Gaiceosm's Jewellery Emporium.
   598 | D:1      | Found Uptilont's Weapon Shop.
   729 | D:1      | Reached skill level 4 in Unarmed Combat
   946 | D:2      | Reached XP level 3. HP: 23/28 MP: 6/6
  1034 | D:2      | Found a sacrificial altar of Ru.
  1199 | D:2      | Found a faded altar of an unknown god.
  1456 | D:3      | Reached XP level 4. HP: 35/35 MP: 7/7
  1472 | D:3      | Reached skill level 5 in Unarmed Combat
  1716 | D:4      | Learned a level 3 spell: Spider Form
  2104 | D:4      | Noticed Blork the orc
  2178 | D:4      | Reached XP level 5. HP: 12/40 MP: 8/8
  2181 | D:4      | Reached skill level 6 in Unarmed Combat
  2480 | D:4      | Reached XP level 6. HP: 47/47 MP: 5/9
  2547 | D:4      | Reached skill level 7 in Unarmed Combat
  2711 | D:4      | Killed Blork the orc
  3030 | D:4      | Learned a level 2 spell: Wereblood
  3249 | D:4      | Your scales start taking on a rich purple colour.
  3249 | D:4      | Reached XP level 7. HP: 51/52 MP: 4/10
  3256 | D:4      | Reached skill level 8 in Unarmed Combat
  3352 | D:4      | Found a basalt altar of Yredelemnul.
  3457 | D:5      | Entered Level 5 of the Dungeon
  3652 | D:3      | Found a glowing silver altar of Zin.
  3653 | D:3      | Found Zin's Purification Station.
  4474 | D:5      | Reached skill level 9 in Unarmed Combat
  4485 | D:5      | Found a shadowy altar of Dithmenos.
  4504 | D:5      | Reached XP level 8. HP: 45/59 MP: 8/11
  4589 | D:5      | Found a burning altar of Makhleb.
  4949 | D:5      | Noticed Eustachio
  5032 | D:5      | Killed Eustachio
  5033 | D:5      | Reached skill level 10 in Unarmed Combat
  5176 | D:5      | Got the Encyclopedia of the Several Friends
  5194 | D:5      | Learned a level 4 spell: Ice Form
  5956 | D:6      | Reached skill level 5 in Transmutations
  6523 | D:6      | Found a staircase to the Ecumenical Temple.
  6646 | Temple   | Entered the Ecumenical Temple
  6704 | Temple   | Became a worshipper of the Wu Jian Council
  7420 | D:7      | Reached XP level 9. HP: 64/64 MP: 10/15
  7955 | D:8      | Found a flagged portal.
  7989 | D:8      | Reached skill level 11 in Unarmed Combat
  8100 | Bailey   | Entered a bailey
  8159 | Bailey   | Noticed an orc warlord
  8187 | Bailey   | Reached skill level 5 in Spellcasting
  8218 | Bailey   | Reached * piety under Wu Jian
  8404 | Bailey   | Found a runed translucent gate.
  8407 | Bailey   | Found a runed translucent gate.
  8409 | Bailey   | Found a runed translucent gate.
  8613 | D:8      | Reached skill level 14 in Unarmed Combat
  8613 | D:8      | Reached XP level 10. HP: 71/71 MP: 18/18
  9381 | D:8      | Noticed Grum
  9620 | D:8      | Killed Grum
  9720 | D:8      | Found Oqantu Okeo's General Store.
  9721 | D:8      | Found Toubir Virr's Antique Weapon Boutique.
  9734 | D:8      | Bought a scroll of identify for 26 gold pieces
  9976 | D:1      | Bought an amulet of reflection for 390 gold pieces
 10233 | D:8      | Noticed Erica
 10234 | D:8      | Noticed Pikel
 10276 | D:9      | Noticed Erolcha
 10289 | D:9      | Killed Erolcha
 10295 | D:9      | Reached XP level 11. HP: 77/77 MP: 20/20
 10567 | D:9      | Reached ** piety under Wu Jian
 10571 | D:9      | Reached skill level 15 in Unarmed Combat
 10658 | D:9      | Found a staircase to the Lair.
 10914 | D:9      | Found a bloodstained altar of Trog.
 11378 | D:10     | Entered Level 10 of the Dungeon
 11408 | D:10     | Noticed Maggie
 11426 | D:10     | Killed Maggie
 11480 | D:10     | Found a portal to a secret trove of treasure.
 11493 | D:10     | Noticed a skeletal warrior
 11635 | D:10     | Reached *** piety under Wu Jian
 11711 | D:10     | Noticed a skeletal warrior
 11716 | D:10     | Noticed a skeletal warrior
 11723 | D:10     | Killed a skeletal warrior
 11724 | D:10     | Reached skill level 16 in Unarmed Combat
 11745 | D:10     | Mangled by a skeletal warrior

Illustrated notes

Levels and vault maps discovered:
D:1:      amcnicky_arrival_blooded_trapdoor, layout_basic, serial_shops,
          nicolae_shop_crystal, shop_statue, nicolae_shop_hallway_plus, shop
D:2:      layout_rooms, basic_altar, shapermc_ecumenical_altar_gd
D:3:      layout_rooms, zin_purify
D:4:      minmay_polygon_palace, layout_loops_ring,
          lemuel_mausoleum_altar_yredelemnul, uniq_blork_the_orc
D:5:      layout_rooms, makhleb_blood_cavern_becter, grunt_dithmenos_smoke,
          uniq_eustachio
D:6:      layout_basic, temple_doors_ab, serial_curves, eino_curves_03,
          eino_curves_04, ebering_dispersal_statue_hall, grunt_decor_resistance,
          minmay_misc_feat_square, lemuel_flame_loot_1
D:7:      layout_loops_ring, hex_large
D:8:      layout_basic, serial_curves, eino_curves_02, eino_curves_02,
          eino_curves_02, enter_bailey_5, nicolae_wooded_promenade, uniq_grum,
          uniq_pikel, uniq_erica
D:9:      layout_roguey, trog_butcher_becter, minmay_lair_entry_grove,
          uniq_erolcha
D:10:     layout_loops_ring, nicolae_ru_sacrificial_ziggurat,
          nicolae_trove_entry_crossroad, serial_ice, serial_ice_l, serial_ice_c,
          serial_ice_d, serial_ice_m, serial_ice_a, serial_ice_b, uniq_maggie
Temple:   nicolae_temple_x_marks_the_god

Skill      XL: |  1  2  3  4  5  6  7  8  9 10 11 |
---------------+----------------------------------+-----
Unarmed Combat | 4 5 6 7 9 10 14 16 | 16.0
Transmutations | 3 5 8 9 |  9.3
Spellcasting   | 4 5 6 |  6.5
Fighting       | |  1.1
Dodging        | |  1.7
Shields        | |  0.1

Action                   |  1- 3 |  4- 6 |  7- 9 | 10-12 || total
-------------------------+-------+-------+-------+-------++-------
Melee: Unarmed           |   131 |   160 |   320 |   179 ||   790
       Tailslap          |    14 |    12 |    20 |     1 ||    47
       Headbutt          |       |     4 |    15 |       ||    19
       Kick              |       |     7 |    15 |       ||    22
       Punch             |       |     3 |     6 |     1 ||    10
 Cast: Beastly Appendage |       |     5 |     9 |       ||    14
       Spider Form       |       |     4 |     9 |       ||    13
       Wereblood         |       |     2 |     1 |       ||     3
       Ice Form          |       |       |    13 |    22 ||    35
Invok: Lunge             |       |       |    13 |    14 ||    27
       Whirlwind         |       |       |     1 |    36 ||    37
       Serpent's Lash    |       |       |       |     1 ||     1
 Abil: Breathe Dispellin |       |       |     2 |       ||     2
       Wall Jump         |       |       |       |     1 ||     1
  Use: Scroll            |       |     1 |     6 |     6 ||    13
       Potion            |       |     1 |     3 |     3 ||     7
 Stab: Sleeping          |     1 |       |       |       ||     1
Armor: Skin              |    21 |    43 |    90 |    23 ||   177
Dodge: Dodged            |    80 |    96 |   201 |    59 ||   436
Block: Other             |       |       |       |    21 ||    21

Table legend: (Time is in decaauts)
 A = Elapsed time spent in this place.
 B = Non-inter-level travel time spent in this place.
 C = Inter-level travel time spent in this place.
 D = Time resting spent in this place.
 E = Time spent auto-exploring this place.
 F = Levels seen in this place.
 G = Mean time per level.
                   A        B        C        D        E       F      G
               +--------+--------+--------+--------+--------+-----+--------+
         Total |  11656 |  10603 |   1053 |   1472 |   6929 |  12 |  971.3 |
       Dungeon |  11078 |  10045 |   1033 |   1292 |   6786 |  10 | 1107.8 |
        Temple |     67 |     47 |     20 |      0 |     41 |   1 |   67.0 |
        Bailey |    510 |    510 |      0 |    180 |    102 |   1 |  510.0 |
               +--------+--------+--------+--------+--------+-----+--------+

Top non-repeatable levels by time:
     D:4: 2340 daAuts
     D:6: 1568 daAuts
     D:8: 1547 daAuts
     D:9: 1090 daAuts
     D:7: 1011 daAuts
     D:5: 924 daAuts
     D:1: 924 daAuts
     D:3: 756 daAuts
     D:2: 558 daAuts
  Bailey: 510 daAuts
    D:10: 356 daAuts
  Temple: 67 daAuts
